[ AOE2 MATCH · #485177159 ]
Team RMMongols vs Celts
[ REPLAY ANALYSIS · EXTRACTED FROM THE RECORDED GAME ]
Feudal
—
Castle
—
Imperial
—
| APM avg | 27.7 |
| APM peak | 86 |
| eAPM avg | 15.3 |
| Villagers / military | 135 / 16 |
Focus
⚔️ 14.7% · 🌾 85.3%
Fishing Ship ×12 · Mangudai ×10 · Battering Ram ×6
Feudal
13:18
Castle
17:13
Imperial
30:38
| APM avg | 35.7 |
| APM peak | 79 |
| eAPM avg | 17.8 |
| Villagers / military | 126 / 38 |
Focus
⚔️ 24.4% · 🌾 75.6%
Jaguar Warrior ×30 · Trebuchet (Packed) ×5 · Fishing Ship ×4 · Monk ×3
Feudal
12:19
Castle
23:44
Imperial
38:30
| APM avg | 32.3 |
| APM peak | 110 |
| eAPM avg | 15.9 |
| Villagers / military | 116 / 8 |
Focus
⚔️ 27.0% · 🌾 73.0%
Unknown (1908) ×20 · Scout Cavalry ×6 · Fishing Ship ×5 · Trebuchet (Packed) ×2
Feudal
11:50
Castle
17:00
Imperial
34:22
| APM avg | 25.9 |
| APM peak | 61 |
| eAPM avg | 13.8 |
| Villagers / military | 94 / 69 |
Focus
⚔️ 23.6% · 🌾 76.4%
Spearman ×39 · Woad Raider ×24 · Fishing Ship ×10 · Trebuchet (Packed) ×4 · Monk ×1 · Mangonel ×1
Feudal
14:43
Castle
18:48
Imperial
—
| APM avg | 21.2 |
| APM peak | 44 |
| eAPM avg | 14.3 |
| Villagers / military | 125 / 50 |
Focus
⚔️ 26.1% · 🌾 73.9%
Woad Raider ×49 · Fishing Ship ×3 · Monk ×1
Feudal
14:05
Castle
20:50
Imperial
33:22
| APM avg | 26.3 |
| APM peak | 72 |
| eAPM avg | 11.8 |
| Villagers / military | 73 / 46 |
Focus
⚔️ 30.7% · 🌾 69.3%
Fishing Ship ×19 · Hand Cannoneer ×18 · Galley ×11 · Genoese Crossbowman ×9 · Trebuchet (Packed) ×5 · Battering Ram ×3
Feudal
14:14
Castle
20:21
Imperial
35:21
| APM avg | 22.8 |
| APM peak | 41 |
| eAPM avg | 17.6 |
| Villagers / military | 134 / 71 |
Focus
⚔️ 20.5% · 🌾 79.5%
Unknown (882) ×62 · Spearman ×61 · Huskarl ×7 · Fishing Ship ×5 · Trebuchet (Packed) ×3
Feudal
15:25
Castle
20:44
Imperial
36:05
| APM avg | 31.2 |
| APM peak | 79 |
| eAPM avg | 15.2 |
| Villagers / military | 119 / 86 |
Focus
⚔️ 15.9% · 🌾 84.1%
Knight ×77 · Fishing Ship ×12 · Demolition Raft ×6 · Trebuchet (Packed) ×3
Match map
Initial resources + every placement click. Lines = walls · curves = elevation contours. ◆ gold · ⬟ stone · ● berries · ✦ relic · ◌ wall gap
Your base· Open — unwalled flank
MW2027's base· Open — unwalled flank
Tonix's base· Open — 6t gap
Doris's base· Open — 9t gap
mat.hey's base· Open — 8t gap
tomeq's base· Open — 9t gap
Capitaine Haddock's base· Open — 9t gap
fechinoo's base· Open — unwalled flank
Smoothed initial terrain · ◌ = detected wall gap · hover for details
Inputs per minute
— RossC786526 - - MW2027
Build order — RossC786526
First 150 of 266 actions detected
| 0:41 | Build | Town Center |
| 1:29 | Build | Dock |
| 1:30 | Build | House |
| 3:00 | Create | Villager (Male) ×4 |
| 3:00 | Create | Villager (Male) ×4 |
| 3:58 | Research | Loom |
| 4:04 | Create | Fishing Ship |
| 4:04 | Create | Fishing Ship |
| 4:40 | Create | Villager (Male) |
| 4:54 | Create | Fishing Ship |
| 4:54 | Create | Fishing Ship |
| 4:54 | Create | Fishing Ship |
| 5:08 | Build | House |
| 6:00 | Create | Villager (Male) |
| 6:00 | Create | Villager (Male) |
| 6:00 | Create | Villager (Male) |
| 6:16 | Create | Villager (Male) |
| 6:16 | Create | Villager (Male) |
| 6:16 | Create | Villager (Male) |
| 6:16 | Create | Villager (Male) |
| 6:25 | Create | Fishing Ship |
| 6:26 | Create | Fishing Ship |
| 7:08 | Create | Villager (Male) |
| 7:09 | Create | Villager (Male) |
| 7:09 | Create | Villager (Male) |
| 7:13 | Build | House |
| 7:22 | Build | House |
| 7:26 | Create | Villager (Male) |
| 7:27 | Create | Villager (Male) |
| 7:41 | Create | Fishing Ship |
| 7:42 | Create | Fishing Ship |
| 8:23 | Create | Villager (Male) |
| 8:38 | Create | Fishing Ship |
| 8:38 | Create | Fishing Ship |
| 9:00 | Create | Villager (Male) |
| 9:00 | Create | Villager (Male) |
| 9:13 | Build | House |
| 9:20 | Build | House |
| 10:16 | Create | Villager (Male) |
| 10:17 | Create | Villager (Male) |
| 10:21 | Build | Mill |
| 10:47 | Create | Villager (Male) |
| 10:48 | Create | Villager (Male) |
| 11:45 | Build | House |
| 11:51 | Create | Fishing Ship |
| 11:52 | Create | Villager (Male) |
| 11:56 | Research | Feudal Age |
| 14:11 | Create | Villager (Male) |
| 14:13 | Build | Market |
| 14:22 | Create | Villager (Male) |
| 14:35 | Build | Blacksmith |
| 15:04 | Create | Villager (Male) |
| 15:04 | Create | Villager (Male) |
| 15:04 | Create | Villager (Male) |
| 15:25 | Research | Castle Age |
| 16:49 | Build | Lumber Camp |
| 17:05 | Build | Dock |
| 17:28 | Research | Double-Bit Axe |
| 17:46 | Research | Wheelbarrow |
| 18:10 | Build | Town Center |
| 18:32 | Build | Town Center |
| 19:06 | Create | Villager (Male) |
| 19:06 | Create | Villager (Male) |
| 19:36 | Create | Villager (Male) |
| 19:36 | Create | Villager (Male) |
| 20:03 | Create | Villager (Male) |
| 20:03 | Create | Villager (Male) |
| 20:04 | Create | Villager (Male) |
| 20:04 | Create | Villager (Male) |
| 20:07 | Research | Bow Saw |
| 20:26 | Create | Villager (Male) |
| 20:26 | Create | Villager (Male) |
| 20:45 | Build | Mining Camp |
| 20:51 | Create | Villager (Male) |
| 20:51 | Create | Villager (Male) |
| 20:53 | Research | Horse Collar |
| 20:57 | Build | Farm |
| 20:59 | Build | Farm |
| 21:04 | Build | Farm |
| 21:24 | Create | Villager (Male) |
| 21:24 | Create | Villager (Male) |
| 21:25 | Create | Villager (Male) |
| 21:28 | Build | House |
| 21:29 | Build | House |
| 21:38 | Create | Villager (Male) |
| 21:38 | Create | Villager (Male) |
| 21:43 | Research | Stone Mining |
| 21:54 | Create | Villager (Male) |
| 21:55 | Create | Villager (Male) |
| 22:01 | Build | House |
| 22:01 | Build | House |
| 22:04 | Create | Villager (Male) |
| 22:04 | Create | Villager (Male) |
| 22:06 | Build | Farm |
| 22:11 | Build | Farm |
| 22:15 | Build | Farm |
| 22:16 | Create | Villager (Male) |
| 22:16 | Create | Villager (Male) |
| 22:19 | Build | Farm |
| 22:29 | Create | Villager (Male) |
| 22:29 | Create | Villager (Male) |
| 22:33 | Create | Villager (Male) |
| 22:33 | Create | Villager (Male) |
| 22:33 | Create | Villager (Male) |
| 22:37 | Build | Farm |
| 22:43 | Build | Barracks |
| 22:47 | Build | Farm |
| 22:48 | Create | Villager (Male) |
| 22:48 | Create | Villager (Male) |
| 22:55 | Build | Farm |
| 23:13 | Create | Villager (Male) |
| 23:14 | Create | Villager (Male) |
| 23:14 | Create | Villager (Male) |
| 23:14 | Create | Villager (Male) |
| 23:18 | Create | Villager (Male) |
| 23:18 | Create | Villager (Male) |
| 23:33 | Build | Farm |
| 23:34 | Build | Farm |
| 23:37 | Build | Farm |
| 23:40 | Build | Farm |
| 23:41 | Create | Villager (Male) |
| 23:41 | Create | Villager (Male) |
| 23:57 | Create | Villager (Male) |
| 23:59 | Build | Farm |
| 24:08 | Create | Villager (Male) |
| 24:08 | Create | Villager (Male) |
| 24:19 | Build | Castle |
| 24:23 | Create | Villager (Male) |
| 24:23 | Create | Villager (Male) |
| 24:27 | Build | Palisade Gate |
| 24:32 | Build | Palisade Gate |
| 24:37 | Create | Villager (Male) |
| 24:38 | Create | Villager (Male) |
| 24:38 | Create | Villager (Male) |
| 24:44 | Research | Fletching |
| 24:44 | Research | Fletching |
| 24:45 | Research | Fletching |
| 24:58 | Create | Villager (Male) |
| 24:59 | Create | Villager (Male) |
| 25:04 | Build | House |
| 25:05 | Build | House |
| 25:06 | Build | House |
| 25:13 | Build | Farm |
| 25:14 | Build | Farm |
| 25:19 | Build | Farm |
| 25:23 | Build | Farm |
| 25:24 | Create | Villager (Male) |
| 25:24 | Create | Villager (Male) |
| 25:33 | Create | Villager (Male) |
| 25:34 | Create | Villager (Male) |
Build order — MW2027
First 150 of 212 actions detected
| 0:18 | Build | Town Center |
| 0:24 | Build | Dock |
| 0:25 | Build | House |
| 2:48 | Create | Villager (Male) ×4 |
| 2:48 | Create | Villager (Male) ×4 |
| 3:31 | Create | Villager (Male) |
| 3:31 | Create | Villager (Male) |
| 3:49 | Build | House |
| 4:13 | Build | House |
| 4:41 | Create | Villager (Male) |
| 4:41 | Create | Villager (Male) |
| 5:03 | Create | Villager (Male) |
| 5:03 | Create | Villager (Male) |
| 5:16 | Create | Fishing Ship |
| 5:33 | Create | Villager (Male) |
| 5:57 | Create | Fishing Ship |
| 6:01 | Create | Villager (Male) |
| 6:13 | Build | House |
| 6:32 | Create | Villager (Male) |
| 6:32 | Create | Villager (Male) |
| 6:49 | Create | Villager (Male) |
| 7:09 | Create | Villager (Male) |
| 7:12 | Create | Villager (Male) |
| 7:22 | Build | House |
| 7:34 | Build | House |
| 7:46 | Build | House |
| 7:54 | Create | Villager (Male) |
| 7:59 | Create | Fishing Ship |
| 8:02 | Build | House |
| 8:15 | Create | Fishing Ship |
| 8:29 | Create | Villager (Male) |
| 8:30 | Create | Villager (Male) |
| 8:30 | Create | Villager (Male) |
| 8:30 | Create | Villager (Male) |
| 8:34 | Create | Villager (Male) |
| 8:56 | Create | Villager (Male) |
| 9:09 | Build | House |
| 9:13 | Build | Mill |
| 10:14 | Create | Villager (Male) |
| 10:22 | Build | Mining Camp |
| 10:39 | Build | House |
| 10:48 | Research | Feudal Age |
| 10:53 | Build | House |
| 11:10 | Build | House |
| 11:20 | Build | House |
| 11:46 | Build | House |
| 12:58 | Create | Villager (Male) |
| 12:59 | Create | Villager (Male) |
| 13:00 | Research | Loom |
| 13:18 | Age | Feudal Age |
| 13:21 | Build | Market |
| 13:23 | Build | Blacksmith |
| 13:33 | Build | Lumber Camp |
| 14:12 | Research | Castle Age |
| 14:20 | Research | Double-Bit Axe |
| 14:31 | Build | House |
| 14:50 | Research | Gold Mining |
| 16:06 | Research | Horse Collar |
| 16:11 | Create | Villager (Male) |
| 16:31 | Create | Villager (Male) |
| 17:13 | Age | Castle Age |
| 17:15 | Build | Town Center |
| 17:18 | Build | Monastery |
| 17:19 | Create | Villager (Male) |
| 17:20 | Research | Bow Saw |
| 17:41 | Create | Monk |
| 17:54 | Research | Stone Mining |
| 17:55 | Create | Villager (Male) |
| 17:58 | Create | Monk |
| 18:27 | Build | Farm |
| 18:30 | Build | Farm |
| 18:32 | Build | Farm |
| 18:34 | Create | Villager (Male) |
| 18:34 | Create | Villager (Male) |
| 18:43 | Research | Sanctity |
| 18:44 | Create | Villager (Male) |
| 18:44 | Create | Villager (Male) |
| 18:55 | Build | Farm |
| 19:02 | Create | Villager (Male) |
| 19:10 | Create | Monk |
| 19:31 | Create | Villager (Male) ×5 |
| 19:33 | Create | Villager (Male) |
| 19:42 | Build | House |
| 19:49 | Build | Farm |
| 19:50 | Build | Farm |
| 19:51 | Build | Farm |
| 20:08 | Create | Villager (Male) |
| 20:10 | Create | Villager (Male) |
| 20:41 | Create | Villager (Male) |
| 20:43 | Create | Villager (Male) ×2 |
| 20:50 | Build | Town Center |
| 21:09 | Create | Villager (Male) ×2 |
| 21:10 | Create | Villager (Male) ×2 |
| 21:35 | Build | Farm |
| 21:36 | Build | Farm |
| 21:37 | Build | Farm |
| 21:40 | Build | Farm |
| 21:44 | Build | House |
| 21:45 | Build | House |
| 21:58 | Create | Villager (Male) ×2 |
| 21:58 | Create | Villager (Male) ×2 |
| 22:14 | Build | Mining Camp |
| 22:20 | Build | House |
| 22:21 | Build | House |
| 22:23 | Create | Villager (Male) ×2 |
| 22:23 | Create | Villager (Male) ×2 |
| 22:37 | Build | House |
| 22:38 | Build | House |
| 22:45 | Create | Villager (Male) |
| 22:49 | Build | Farm |
| 22:50 | Build | Farm |
| 22:52 | Build | Farm |
| 22:53 | Build | Farm |
| 23:02 | Create | Villager (Male) |
| 23:03 | Create | Villager (Male) |
| 23:06 | Build | Farm |
| 23:09 | Create | Villager (Male) |
| 23:09 | Create | Villager (Male) |
| 23:16 | Build | Farm |
| 23:17 | Build | Farm |
| 23:36 | Create | Villager (Male) |
| 23:37 | Create | Villager (Male) |
| 23:47 | Create | Villager (Male) ×2 |
| 23:51 | Build | House |
| 23:52 | Build | House |
| 23:52 | Build | House |
| 24:03 | Research | Fletching |
| 24:04 | Create | Villager (Male) |
| 24:04 | Create | Villager (Male) |
| 24:26 | Create | Villager (Male) |
| 24:32 | Build | University |
| 24:42 | Create | Villager (Male) ×4 |
| 25:03 | Research | Bodkin Arrow |
| 25:12 | Research | Ballistics |
| 25:21 | Build | Castle |
| 25:32 | Create | Villager (Male) |
| 25:32 | Create | Villager (Male) |
| 25:33 | Create | Villager (Male) |
| 25:33 | Create | Villager (Male) |
| 25:33 | Create | Villager (Male) |
| 25:34 | Create | Villager (Male) |
| 25:38 | Build | Mining Camp |
| 25:41 | Create | Villager (Male) ×2 |
| 25:57 | Create | Villager (Male) ×2 |
| 26:19 | Build | Castle |
| 26:37 | Build | Palisade Wall |
| 26:38 | Build | House |
| 26:57 | Build | Mining Camp |
| 27:10 | Build | Mining Camp |
| 27:28 | Research | Imperial Age |
Build order — Tonix
First 150 of 253 actions detected
| 0:06 | Build | Town Center |
| 0:39 | Build | Dock |
| 0:45 | Build | House |
| 2:34 | Create | Villager (Male) |
| 2:35 | Create | Villager (Male) |
| 2:35 | Create | Villager (Male) |
| 2:58 | Create | Villager (Male) |
| 2:58 | Create | Villager (Male) |
| 3:30 | Create | Fishing Ship |
| 3:42 | Create | Villager (Male) |
| 4:07 | Build | House |
| 4:12 | Research | Loom |
| 5:11 | Create | Villager (Male) |
| 5:11 | Create | Villager (Male) |
| 5:32 | Create | Villager (Male) |
| 5:36 | Create | Fishing Ship |
| 5:50 | Build | Outpost |
| 5:54 | Create | Villager (Male) |
| 5:58 | Build | House |
| 6:31 | Build | House |
| 6:38 | Create | Villager (Male) |
| 6:39 | Create | Villager (Male) |
| 6:42 | Build | House |
| 7:00 | Create | Villager (Male) |
| 8:04 | Create | Villager (Male) |
| 8:04 | Create | Villager (Male) |
| 8:09 | Create | Fishing Ship |
| 8:29 | Create | Villager (Male) |
| 8:29 | Create | Villager (Male) |
| 8:41 | Build | Mill |
| 9:03 | Create | Villager (Male) |
| 9:11 | Create | Fishing Ship |
| 9:43 | Create | Villager (Male) |
| 10:02 | Research | Feudal Age |
| 10:29 | Build | Lumber Camp |
| 11:13 | Build | Barracks |
| 11:24 | Build | House |
| 11:57 | Create | Villager (Male) |
| 12:19 | Age | Feudal Age |
| 12:20 | Build | Stable |
| 12:33 | Build | Blacksmith |
| 12:42 | Create | Villager (Male) |
| 12:55 | Research | Double-Bit Axe |
| 12:55 | Research | Double-Bit Axe |
| 12:57 | Create | Scout Cavalry |
| 12:57 | Create | Scout Cavalry |
| 13:13 | Research | Forging |
| 13:21 | Build | Mining Camp |
| 13:23 | Create | Villager (Male) |
| 13:31 | Create | Villager (Male) |
| 13:40 | Create | Scout Cavalry |
| 13:47 | Build | Palisade Gate |
| 13:51 | Build | House |
| 13:53 | Create | Villager (Male) |
| 14:01 | Build | House |
| 14:16 | Build | House |
| 14:19 | Build | House |
| 14:49 | Create | Villager (Male) |
| 15:31 | Build | House |
| 15:32 | Create | Villager (Male) |
| 15:37 | Create | Fishing Ship |
| 15:54 | Create | Scout Cavalry |
| 15:54 | Create | Scout Cavalry |
| 16:14 | Create | Villager (Male) |
| 16:17 | Build | House |
| 17:06 | Create | Villager (Male) |
| 17:08 | Build | House |
| 17:28 | Create | Villager (Male) |
| 17:39 | Research | Horse Collar |
| 17:39 | Research | Horse Collar |
| 17:50 | Build | House |
| 18:02 | Build | Farm |
| 18:03 | Build | Farm |
| 18:04 | Build | Farm |
| 18:07 | Build | Farm |
| 18:08 | Build | Farm |
| 18:11 | Create | Villager (Male) |
| 18:14 | Build | Farm |
| 18:22 | Create | Scout Cavalry |
| 18:26 | Build | Farm |
| 18:38 | Build | Farm |
| 18:42 | Create | Villager (Male) |
| 18:42 | Create | Villager (Male) |
| 18:44 | Create | Villager (Male) |
| 19:23 | Create | Villager (Male) |
| 19:37 | Build | House |
| 19:39 | Build | House |
| 19:41 | Build | House |
| 20:37 | Build | House |
| 20:44 | Build | House |
| 20:47 | Build | House |
| 21:04 | Research | Castle Age |
| 21:14 | Build | Mining Camp |
| 21:34 | Build | Palisade Wall |
| 21:35 | Build | Palisade Wall |
| 22:37 | Build | Outpost |
| 23:44 | Age | Castle Age |
| 23:49 | Build | Town Center |
| 23:59 | Create | Villager (Male) |
| 24:02 | Research | Wheelbarrow |
| 24:07 | Build | Town Center |
| 24:22 | Build | Town Center |
| 25:03 | Create | Villager (Male) |
| 25:03 | Create | Villager (Male) |
| 25:03 | Create | Villager (Male) |
| 25:04 | Create | Villager (Male) |
| 25:06 | Build | Farm |
| 25:09 | Build | Farm |
| 25:12 | Build | Farm |
| 25:15 | Build | Farm |
| 25:18 | Build | Farm |
| 25:28 | Create | Villager (Male) |
| 25:28 | Create | Villager (Male) |
| 25:28 | Create | Villager (Male) |
| 25:31 | Build | Farm |
| 25:32 | Build | Farm |
| 25:32 | Build | Farm |
| 25:33 | Build | Farm |
| 25:35 | Build | Farm |
| 25:39 | Build | Farm |
| 26:25 | Build | Farm |
| 26:26 | Build | Farm |
| 26:27 | Build | Farm |
| 26:30 | Create | Villager (Male) ×5 |
| 26:50 | Build | House |
| 27:18 | Build | Castle |
| 27:28 | Build | Lumber Camp |
| 27:54 | Create | Villager (Male) ×5 |
| 28:00 | Create | Villager (Male) ×5 |
| 28:19 | Build | Farm |
| 28:20 | Build | Farm |
| 28:24 | Build | Farm |
| 28:26 | Build | Farm |
| 28:27 | Build | Farm |
| 28:29 | Create | Unit 1908 |
| 28:29 | Create | Unit 1908 |
| 28:50 | Create | Villager (Male) |
| 28:50 | Create | Villager (Male) |
| 28:57 | Build | Farm |
| 29:02 | Build | Farm |
| 29:04 | Create | Villager (Male) |
| 29:07 | Create | Villager (Male) ×5 |
| 29:44 | Create | Villager (Male) |
| 29:46 | Create | Villager (Male) ×5 |
| 29:52 | Build | Mining Camp |
| 29:59 | Research | Bow Saw |
| 30:00 | Research | Bow Saw |
| 30:14 | Research | Scale Barding Armor |
| 30:16 | Create | Unit 1908 |
| 30:16 | Create | Unit 1908 |
Build order — Doris
First 150 of 276 actions detected
| 0:08 | Build | Town Center |
| 0:47 | Build | Dock |
| 0:50 | Build | House |
| 2:27 | Create | Villager (Male) |
| 2:28 | Create | Villager (Male) |
| 2:28 | Create | Villager (Male) |
| 2:28 | Create | Villager (Male) |
| 2:28 | Create | Villager (Male) |
| 3:26 | Create | Fishing Ship |
| 3:47 | Research | Loom |
| 3:53 | Build | House |
| 3:59 | Create | Villager (Male) |
| 4:26 | Create | Fishing Ship |
| 4:26 | Create | Fishing Ship |
| 4:33 | Research | Loom |
| 4:53 | Create | Villager (Male) |
| 5:24 | Create | Villager (Male) |
| 5:26 | Create | Fishing Ship |
| 5:26 | Create | Fishing Ship |
| 5:35 | Build | House |
| 5:43 | Create | Villager (Male) |
| 5:43 | Create | Villager (Male) |
| 6:01 | Create | Villager (Male) |
| 6:20 | Create | Fishing Ship |
| 6:40 | Create | Villager (Male) |
| 6:52 | Build | House |
| 6:56 | Create | Villager (Male) |
| 7:18 | Create | Fishing Ship |
| 7:18 | Create | Fishing Ship |
| 7:20 | Create | Villager (Male) |
| 7:41 | Create | Villager (Male) |
| 7:41 | Create | Villager (Male) |
| 8:10 | Create | Villager (Male) |
| 8:22 | Create | Villager (Male) |
| 8:31 | Build | Mill |
| 9:11 | Create | Villager (Male) |
| 9:22 | Build | House |
| 9:28 | Build | House |
| 9:29 | Create | Fishing Ship |
| 9:40 | Research | Feudal Age |
| 9:40 | Research | Feudal Age |
| 10:12 | Create | Villager (Male) |
| 10:19 | Create | Fishing Ship |
| 10:51 | Create | Villager (Male) |
| 11:27 | Build | Mining Camp |
| 11:50 | Age | Feudal Age |
| 11:51 | Create | Villager (Male) |
| 12:09 | Research | Tech 906 |
| 12:35 | Create | Villager (Male) |
| 12:53 | Build | Market |
| 13:02 | Create | Villager (Male) |
| 13:45 | Build | Blacksmith |
| 13:52 | Create | Villager (Male) |
| 14:17 | Research | Castle Age |
| 14:30 | Build | Mining Camp |
| 14:55 | Build | Palisade Gate |
| 15:00 | Build | Barracks |
| 15:21 | Create | Villager (Male) |
| 15:44 | Create | Villager (Male) |
| 15:55 | Build | Outpost |
| 15:59 | Research | Town Watch |
| 16:06 | Research | Wheelbarrow |
| 16:12 | Build | House |
| 16:14 | Build | House |
| 16:55 | Create | Villager (Male) |
| 17:00 | Age | Castle Age |
| 17:07 | Create | Spearman |
| 17:19 | Build | Outpost |
| 17:21 | Create | Villager (Male) |
| 17:34 | Create | Spearman |
| 17:37 | Research | Pikeman (upgrade) |
| 17:44 | Create | Spearman |
| 17:51 | Build | Outpost |
| 17:58 | Build | Monastery |
| 18:03 | Create | Villager (Male) |
| 18:09 | Build | Outpost |
| 18:25 | Create | Villager (Male) |
| 18:35 | Build | Castle |
| 18:50 | Create | Monk |
| 19:08 | Create | Villager (Male) |
| 19:25 | Create | Villager (Male) |
| 20:04 | Create | Villager (Male) |
| 20:05 | Create | Villager (Male) |
| 20:16 | Build | Town Center |
| 20:27 | Build | Town Center |
| 20:31 | Create | Villager (Male) |
| 20:32 | Create | Villager (Male) |
| 20:32 | Create | Villager (Male) |
| 20:49 | Create | Woad Raider |
| 20:50 | Create | Woad Raider |
| 21:02 | Create | Woad Raider |
| 21:23 | Create | Woad Raider |
| 21:24 | Create | Woad Raider |
| 21:49 | Build | Fish Trap |
| 21:51 | Build | Fish Trap |
| 21:53 | Build | Fish Trap |
| 21:55 | Build | Fish Trap |
| 21:59 | Build | Fish Trap |
| 22:03 | Build | Fish Trap |
| 22:06 | Build | Fish Trap |
| 22:08 | Research | Gillnets |
| 23:02 | Build | Farm |
| 23:02 | Build | Farm |
| 23:02 | Build | Farm |
| 23:18 | Build | Farm |
| 23:18 | Build | Farm |
| 23:19 | Build | Farm |
| 23:19 | Build | Farm |
| 23:19 | Build | Farm |
| 23:19 | Build | Farm |
| 23:20 | Build | Farm |
| 23:35 | Research | Horse Collar |
| 23:38 | Create | Villager (Male) |
| 23:38 | Create | Villager (Male) |
| 23:47 | Build | Lumber Camp |
| 23:50 | Create | Villager (Male) |
| 24:05 | Create | Villager (Male) |
| 24:47 | Research | Forging |
| 25:01 | Create | Villager (Male) |
| 25:01 | Create | Villager (Male) |
| 25:01 | Create | Villager (Male) |
| 25:02 | Create | Villager (Male) |
| 25:07 | Build | Town Center |
| 26:09 | Create | Villager (Male) |
| 26:10 | Create | Villager (Male) |
| 26:10 | Create | Villager (Male) |
| 26:11 | Create | Villager (Male) |
| 26:11 | Create | Villager (Male) |
| 26:51 | Create | Villager (Male) |
| 26:51 | Create | Villager (Male) |
| 26:51 | Create | Villager (Male) |
| 26:52 | Create | Villager (Male) |
| 26:52 | Create | Villager (Male) |
| 27:02 | Build | Town Center |
| 27:04 | Create | Villager (Male) |
| 27:04 | Create | Villager (Male) |
| 27:05 | Create | Villager (Male) |
| 27:05 | Create | Villager (Male) |
| 27:05 | Create | Villager (Male) |
| 27:08 | Build | Farm |
| 27:09 | Build | Farm |
| 27:09 | Build | Farm |
| 27:09 | Build | Farm |
| 27:09 | Build | Farm |
| 27:09 | Build | Farm |
| 27:10 | Build | Farm |
| 27:10 | Build | Farm |
| 27:14 | Build | Mill |
| 27:20 | Research | Gold Mining |
| 27:20 | Research | Gold Mining |
Build order — mat.hey
First 150 of 282 actions detected
| 0:10 | Build | Town Center |
| 1:12 | Build | House |
| 2:17 | Build | Dock |
| 2:48 | Create | Villager (Male) |
| 2:48 | Create | Villager (Male) |
| 3:07 | Create | Villager (Male) |
| 3:14 | Create | Villager (Male) |
| 3:15 | Create | Villager (Male) |
| 3:57 | Create | Fishing Ship |
| 4:41 | Build | House |
| 5:04 | Create | Fishing Ship |
| 5:27 | Create | Villager (Male) |
| 5:27 | Create | Villager (Male) |
| 5:53 | Create | Villager (Male) |
| 5:53 | Create | Villager (Male) |
| 6:18 | Create | Villager (Male) |
| 6:45 | Create | Villager (Male) |
| 6:45 | Create | Villager (Male) |
| 7:19 | Create | Villager (Male) |
| 7:21 | Create | Villager (Male) |
| 7:24 | Build | House |
| 7:51 | Create | Villager (Male) |
| 7:57 | Build | House |
| 8:10 | Build | Mill |
| 8:37 | Create | Villager (Male) |
| 8:39 | Create | Villager (Male) |
| 8:42 | Build | House |
| 9:04 | Create | Villager (Male) |
| 9:32 | Build | Lumber Camp |
| 9:36 | Create | Villager (Male) |
| 9:49 | Create | Fishing Ship |
| 10:23 | Create | Villager (Male) |
| 10:51 | Create | Villager (Male) |
| 10:56 | Build | Mill |
| 11:14 | Create | Villager (Male) |
| 11:22 | Build | Farm |
| 11:40 | Create | Villager (Male) |
| 11:59 | Create | Villager (Male) |
| 12:14 | Build | Farm |
| 12:18 | Build | Farm |
| 12:20 | Build | Farm |
| 12:33 | Research | Feudal Age |
| 12:39 | Build | Farm |
| 12:55 | Build | House |
| 12:57 | Build | House |
| 13:06 | Create | Villager (Male) |
| 14:43 | Age | Feudal Age |
| 14:49 | Build | Market |
| 14:57 | Create | Villager (Male) |
| 15:26 | Build | Blacksmith |
| 15:38 | Create | Villager (Male) |
| 16:08 | Research | Castle Age |
| 16:08 | Research | Castle Age |
| 16:17 | Research | Double-Bit Axe |
| 16:43 | Create | Villager (Male) |
| 16:44 | Create | Villager (Male) |
| 17:00 | Create | Villager (Male) |
| 17:04 | Research | Loom |
| 17:05 | Create | Villager (Male) |
| 17:17 | Build | Barracks |
| 17:23 | Build | House |
| 17:30 | Build | Palisade Wall |
| 17:44 | Research | Scale Mail Armor |
| 17:51 | Research | Horse Collar |
| 17:58 | Create | Villager (Male) |
| 18:48 | Age | Castle Age |
| 19:04 | Build | Town Center |
| 19:08 | Create | Villager (Male) |
| 19:41 | Research | Bow Saw |
| 19:50 | Create | Villager (Male) |
| 19:53 | Research | Wheelbarrow |
| 20:23 | Create | Villager (Male) |
| 20:33 | Build | Palisade Wall |
| 20:46 | Create | Villager (Male) |
| 20:48 | Create | Villager (Male) |
| 20:48 | Create | Villager (Male) |
| 20:54 | Build | House |
| 20:55 | Build | House |
| 20:56 | Build | House |
| 20:57 | Build | House |
| 20:59 | Build | House |
| 21:00 | Build | House |
| 21:06 | Create | Villager (Male) |
| 21:21 | Create | Villager (Male) |
| 21:22 | Create | Villager (Male) |
| 21:28 | Build | Town Center |
| 21:34 | Create | Villager (Male) |
| 21:49 | Create | Villager (Male) |
| 21:53 | Build | Farm |
| 21:58 | Create | Villager (Male) |
| 22:21 | Create | Villager (Male) |
| 22:34 | Build | Monastery |
| 22:39 | Build | Monastery |
| 22:46 | Create | Villager (Male) |
| 22:46 | Create | Villager (Male) |
| 23:10 | Create | Villager (Male) |
| 23:12 | Create | Villager (Male) |
| 23:18 | Create | Villager (Male) |
| 23:29 | Create | Monk |
| 23:39 | Create | Villager (Male) |
| 23:39 | Create | Villager (Male) |
| 23:47 | Create | Villager (Male) |
| 23:55 | Research | Town Watch |
| 24:08 | Create | Villager (Male) |
| 24:18 | Create | Villager (Male) |
| 24:19 | Create | Villager (Male) |
| 24:32 | Build | House |
| 24:52 | Build | Castle |
| 25:01 | Create | Villager (Male) |
| 25:02 | Create | Villager (Male) |
| 25:18 | Create | Villager (Male) |
| 25:19 | Create | Villager (Male) |
| 25:55 | Create | Villager (Male) |
| 25:55 | Create | Villager (Male) |
| 25:56 | Create | Villager (Male) |
| 25:56 | Create | Villager (Male) |
| 25:56 | Create | Villager (Male) |
| 26:21 | Build | Mining Camp |
| 26:24 | Build | Mill |
| 26:25 | Build | Farm |
| 26:25 | Build | Farm |
| 26:25 | Build | Farm |
| 26:26 | Build | Farm |
| 26:26 | Build | Farm |
| 26:26 | Build | Farm |
| 26:26 | Build | Farm |
| 26:27 | Build | Farm |
| 26:27 | Build | Farm |
| 26:29 | Create | Villager (Male) |
| 26:32 | Build | Farm |
| 26:32 | Build | Farm |
| 26:49 | Create | Villager (Male) |
| 26:49 | Create | Villager (Male) |
| 26:49 | Create | Villager (Male) |
| 26:49 | Create | Villager (Male) |
| 26:51 | Research | Wheelbarrow |
| 26:58 | Create | Woad Raider |
| 26:58 | Create | Woad Raider |
| 26:58 | Create | Woad Raider |
| 26:59 | Create | Woad Raider |
| 27:28 | Build | Stone Wall |
| 27:33 | Build | Stone Wall |
| 27:41 | Build | Gate |
| 27:48 | Build | Stone Wall |
| 28:01 | Create | Villager (Male) |
| 28:28 | Create | Villager (Male) |
| 28:28 | Create | Villager (Male) |
| 28:28 | Create | Villager (Male) |
| 28:29 | Create | Woad Raider |
| 28:29 | Create | Woad Raider |
Build order — tomeq
First 150 of 241 actions detected
| 0:07 | Build | Town Center |
| 0:48 | Build | Dock |
| 1:57 | Build | House |
| 2:29 | Create | Villager (Male) |
| 2:29 | Create | Villager (Male) |
| 2:29 | Create | Villager (Male) |
| 2:30 | Create | Villager (Male) |
| 2:31 | Build | House |
| 3:51 | Research | Loom |
| 3:52 | Create | Villager (Male) |
| 3:56 | Create | Fishing Ship |
| 4:44 | Build | House |
| 4:49 | Create | Fishing Ship |
| 5:24 | Create | Villager (Male) |
| 5:52 | Create | Villager (Male) |
| 5:53 | Create | Villager (Male) |
| 6:04 | Create | Fishing Ship |
| 6:10 | Create | Villager (Male) |
| 6:10 | Create | Villager (Male) |
| 6:14 | Create | Villager (Male) |
| 6:15 | Create | Villager (Male) |
| 6:48 | Create | Villager (Male) |
| 6:49 | Create | Villager (Male) |
| 6:52 | Create | Villager (Male) |
| 6:52 | Create | Villager (Male) |
| 7:05 | Build | House |
| 7:10 | Create | Villager (Male) |
| 7:10 | Create | Villager (Male) |
| 7:24 | Create | Fishing Ship |
| 7:35 | Build | House |
| 7:52 | Create | Villager (Male) |
| 8:08 | Create | Villager (Male) |
| 8:27 | Create | Fishing Ship |
| 8:59 | Create | Villager (Male) |
| 9:12 | Create | Fishing Ship |
| 9:33 | Create | Fishing Ship |
| 9:40 | Create | Villager (Male) |
| 9:44 | Create | Villager (Male) |
| 9:49 | Build | House |
| 10:13 | Build | House |
| 10:17 | Create | Villager (Male) |
| 10:53 | Build | Dock |
| 11:17 | Build | Mining Camp |
| 11:19 | Create | Villager (Male) |
| 11:52 | Build | Mill |
| 11:55 | Research | Feudal Age |
| 11:58 | Create | Villager (Male) |
| 12:00 | Create | Villager (Male) |
| 12:28 | Create | Fishing Ship |
| 12:29 | Create | Fishing Ship |
| 13:15 | Build | Lumber Camp |
| 14:05 | Age | Feudal Age |
| 14:09 | Create | Galley |
| 14:09 | Create | Galley |
| 14:15 | Create | Villager (Male) |
| 14:23 | Research | Double-Bit Axe |
| 14:24 | Research | Double-Bit Axe |
| 14:36 | Build | House |
| 14:38 | Build | House |
| 14:54 | Create | Villager (Male) |
| 15:04 | Create | Galley |
| 15:05 | Create | Galley |
| 15:27 | Create | Galley |
| 15:33 | Create | Villager (Male) |
| 15:46 | Build | Blacksmith |
| 15:52 | Create | Villager (Male) |
| 15:57 | Build | Mining Camp |
| 16:24 | Create | Villager (Male) |
| 16:29 | Research | Padded Archer Armor |
| 16:29 | Research | Fletching |
| 16:37 | Build | Lumber Camp |
| 16:42 | Create | Villager (Male) |
| 17:22 | Create | Villager (Male) |
| 17:32 | Build | Market |
| 17:39 | Research | Gold Mining |
| 18:00 | Create | Galley |
| 18:00 | Create | Galley |
| 18:10 | Research | Castle Age |
| 18:13 | Create | Villager (Male) |
| 18:14 | Create | Villager (Male) |
| 20:12 | Create | Villager (Male) |
| 20:13 | Create | Villager (Male) |
| 20:37 | Create | Galley |
| 20:37 | Create | Galley |
| 20:46 | Build | House |
| 20:47 | Build | House |
| 20:50 | Age | Castle Age |
| 20:52 | Create | Villager (Male) |
| 20:53 | Create | Villager (Male) |
| 21:02 | Build | Town Center |
| 21:28 | Research | War Galley (upgrade) |
| 21:33 | Research | Bodkin Arrow |
| 21:33 | Research | Leather Archer Armor |
| 21:38 | Create | Villager (Male) |
| 21:39 | Create | Villager (Male) |
| 22:10 | Create | Galley |
| 22:11 | Create | Galley |
| 22:15 | Create | Villager (Male) |
| 22:16 | Create | Villager (Male) |
| 22:36 | Build | Lumber Camp |
| 22:50 | Research | Tech 906 |
| 23:04 | Create | Fishing Ship |
| 23:04 | Create | Fishing Ship |
| 23:18 | Create | Villager (Male) |
| 23:21 | Create | Villager (Male) |
| 23:21 | Create | Villager (Male) |
| 23:24 | Build | Farm |
| 23:51 | Build | Castle |
| 23:55 | Build | House |
| 24:02 | Build | House |
| 24:04 | Build | House |
| 24:07 | Create | Villager (Male) |
| 24:07 | Create | Villager (Male) |
| 24:33 | Build | Farm |
| 24:36 | Build | Farm |
| 24:38 | Create | Villager (Male) |
| 24:38 | Create | Villager (Male) |
| 24:38 | Create | Villager (Male) |
| 25:00 | Build | Farm |
| 25:03 | Build | Farm |
| 25:05 | Research | Horse Collar |
| 25:57 | Create | Villager (Male) |
| 25:58 | Create | Villager (Male) |
| 26:01 | Build | Farm |
| 26:06 | Build | Farm |
| 26:15 | Build | Dock |
| 26:18 | Research | Gillnets |
| 26:25 | Build | Fish Trap |
| 26:29 | Build | Fish Trap |
| 26:32 | Build | Fish Trap |
| 26:36 | Build | Fish Trap |
| 26:40 | Build | Fish Trap |
| 26:44 | Build | Fish Trap |
| 26:48 | Build | Fish Trap |
| 26:52 | Create | Villager (Male) |
| 26:52 | Create | Villager (Male) |
| 26:54 | Build | Farm |
| 26:59 | Build | Farm |
| 27:03 | Build | Farm |
| 27:05 | Research | Bow Saw |
| 27:10 | Build | Farm |
| 27:13 | Build | Farm |
| 27:16 | Create | Villager (Male) |
| 27:17 | Create | Villager (Male) |
| 27:19 | Research | Heavy Plow |
| 27:33 | Build | Farm |
| 28:18 | Build | University |
| 28:25 | Build | Town Center |
| 28:31 | Create | Villager (Male) |
| 28:31 | Create | Villager (Male) |
Build order — Capitaine Haddock
First 150 of 350 actions detected
| 0:08 | Build | Town Center |
| 1:03 | Build | Dock |
| 1:05 | Build | House |
| 2:45 | Create | Villager (Male) ×4 |
| 3:53 | Create | Fishing Ship |
| 4:18 | Research | Loom |
| 4:31 | Create | Villager (Male) |
| 4:31 | Create | Villager (Male) |
| 4:44 | Build | House |
| 5:05 | Create | Villager (Male) |
| 5:31 | Create | Villager (Male) |
| 5:32 | Create | Villager (Male) |
| 5:47 | Create | Villager (Male) |
| 6:06 | Create | Villager (Male) |
| 6:13 | Create | Fishing Ship |
| 6:35 | Create | Villager (Male) ×2 |
| 6:35 | Create | Villager (Male) ×2 |
| 6:36 | Create | Villager (Male) ×2 |
| 6:52 | Build | House |
| 7:22 | Create | Villager (Male) ×2 |
| 7:50 | Create | Fishing Ship |
| 8:21 | Create | Villager (Male) |
| 8:30 | Create | Fishing Ship |
| 8:42 | Build | House |
| 8:49 | Build | House |
| 9:02 | Create | Villager (Male) |
| 9:11 | Build | House |
| 9:48 | Create | Villager (Male) |
| 9:55 | Create | Fishing Ship |
| 10:09 | Create | Villager (Male) |
| 10:41 | Build | Mining Camp |
| 10:45 | Create | Villager (Male) |
| 10:45 | Create | Villager (Male) |
| 11:22 | Build | Mill |
| 11:27 | Create | Villager (Male) |
| 11:41 | Research | Feudal Age |
| 11:57 | Build | House |
| 11:57 | Build | House |
| 12:43 | Create | Villager (Male) |
| 13:04 | Build | Outpost |
| 13:39 | Build | Barracks |
| 13:47 | Create | Villager (Male) |
| 14:01 | Build | House |
| 14:14 | Age | Feudal Age |
| 14:42 | Create | Spearman |
| 14:42 | Create | Spearman |
| 14:57 | Create | Villager (Male) |
| 14:57 | Create | Villager (Male) |
| 15:07 | Create | Spearman |
| 15:30 | Create | Villager (Male) |
| 16:02 | Build | Market |
| 16:06 | Create | Villager (Male) |
| 16:06 | Create | Villager (Male) |
| 16:44 | Create | Spearman |
| 16:56 | Create | Villager (Male) |
| 16:57 | Create | Villager (Male) |
| 17:14 | Build | Blacksmith |
| 17:29 | Build | Lumber Camp |
| 17:40 | Research | Castle Age |
| 17:40 | Research | Castle Age |
| 18:02 | Build | Fish Trap |
| 18:07 | Build | Fish Trap |
| 18:16 | Research | Double-Bit Axe |
| 18:33 | Create | Spearman |
| 18:48 | Create | Spearman |
| 19:27 | Create | Villager (Male) |
| 19:27 | Create | Villager (Male) |
| 20:21 | Age | Castle Age |
| 20:26 | Build | Castle |
| 20:39 | Build | Town Center |
| 21:16 | Build | Castle |
| 21:28 | Research | Wheelbarrow |
| 21:42 | Build | Town Center |
| 22:09 | Create | Villager (Male) |
| 22:26 | Build | Farm |
| 22:26 | Build | Farm |
| 22:26 | Build | Farm |
| 22:27 | Build | Farm |
| 22:27 | Build | Farm |
| 22:27 | Build | Farm |
| 22:27 | Build | Farm |
| 22:28 | Build | Farm |
| 22:31 | Create | Villager (Male) |
| 22:36 | Build | Farm |
| 22:36 | Build | Farm |
| 22:37 | Build | Farm |
| 22:37 | Build | Farm |
| 23:04 | Research | Fletching |
| 23:31 | Create | Villager (Male) |
| 23:31 | Create | Villager (Male) |
| 23:46 | Create | Villager (Male) |
| 23:49 | Create | Villager (Male) |
| 23:54 | Create | Villager (Male) |
| 23:55 | Create | Villager (Male) |
| 24:06 | Build | Town Center |
| 24:15 | Build | Farm |
| 24:16 | Build | Farm |
| 24:20 | Create | Villager (Male) |
| 24:21 | Create | Villager (Male) |
| 24:21 | Create | Villager (Male) |
| 24:36 | Create | Villager (Male) |
| 24:42 | Create | Villager (Male) |
| 24:42 | Create | Villager (Male) |
| 24:50 | Create | Huskarl |
| 25:04 | Create | Villager (Male) |
| 25:05 | Create | Villager (Male) |
| 25:09 | Build | Farm |
| 25:10 | Build | Farm |
| 25:10 | Build | Farm |
| 25:17 | Create | Villager (Male) |
| 25:17 | Create | Villager (Male) |
| 25:27 | Create | Villager (Male) |
| 25:28 | Create | Villager (Male) |
| 25:33 | Create | Huskarl |
| 25:43 | Create | Huskarl |
| 25:55 | Build | Farm |
| 25:55 | Build | Farm |
| 25:55 | Build | Farm |
| 25:56 | Build | Farm |
| 25:56 | Build | Farm |
| 26:02 | Create | Villager (Male) |
| 26:02 | Create | Villager (Male) |
| 26:02 | Create | Villager (Male) |
| 26:10 | Build | Farm |
| 26:19 | Create | Huskarl |
| 26:19 | Create | Huskarl |
| 26:37 | Build | Farm |
| 26:39 | Create | Villager (Male) |
| 26:39 | Create | Villager (Male) |
| 26:46 | Create | Villager (Male) |
| 26:55 | Build | Farm |
| 26:55 | Build | Farm |
| 26:56 | Build | Farm |
| 27:02 | Create | Villager (Male) |
| 27:02 | Create | Villager (Male) |
| 27:02 | Create | Villager (Male) |
| 27:06 | Create | Villager (Male) |
| 27:08 | Create | Villager (Male) ×5 |
| 27:31 | Create | Huskarl |
| 27:31 | Create | Huskarl |
| 27:37 | Research | Scale Mail Armor |
| 27:43 | Build | Farm |
| 27:46 | Create | Villager (Male) |
| 27:46 | Create | Villager (Male) |
| 27:49 | Create | Villager (Male) |
| 27:50 | Create | Villager (Male) |
| 27:50 | Create | Villager (Male) |
| 27:50 | Create | Villager (Male) |
| 28:02 | Build | Farm |
| 28:03 | Build | Farm |
Build order — fechinoo
First 150 of 263 actions detected
| 0:59 | Build | Town Center |
| 1:59 | Build | Dock |
| 3:31 | Build | House |
| 3:36 | Create | Villager (Male) |
| 4:01 | Create | Villager (Male) |
| 4:06 | Create | Villager (Male) |
| 4:38 | Create | Villager (Male) |
| 5:25 | Create | Fishing Ship |
| 5:33 | Create | Villager (Male) |
| 5:53 | Create | Villager (Male) |
| 6:21 | Create | Villager (Male) |
| 6:27 | Build | House |
| 6:31 | Research | Loom |
| 6:53 | Create | Villager (Male) |
| 6:54 | Create | Villager (Male) |
| 7:14 | Create | Villager (Male) |
| 7:37 | Create | Fishing Ship |
| 8:15 | Create | Villager (Male) |
| 8:15 | Create | Villager (Male) |
| 8:25 | Build | House |
| 8:58 | Create | Fishing Ship |
| 9:15 | Build | House |
| 9:26 | Create | Villager (Male) |
| 9:41 | Create | Villager (Male) |
| 9:46 | Create | Fishing Ship |
| 10:05 | Create | Villager (Male) |
| 10:14 | Create | Fishing Ship |
| 10:40 | Create | Villager (Male) |
| 10:55 | Create | Villager (Male) |
| 11:11 | Build | Mill |
| 11:24 | Build | House |
| 11:29 | Create | Villager (Male) |
| 11:35 | Create | Fishing Ship |
| 11:54 | Create | Villager (Male) |
| 12:14 | Create | Villager (Male) |
| 12:15 | Create | Villager (Male) |
| 12:17 | Create | Fishing Ship |
| 12:32 | Build | Farm |
| 13:02 | Build | Farm |
| 13:04 | Create | Fishing Ship |
| 13:11 | Build | House |
| 13:15 | Research | Feudal Age |
| 13:15 | Research | Feudal Age |
| 13:41 | Build | House |
| 13:43 | Build | House |
| 13:45 | Build | House |
| 13:57 | Build | Lumber Camp |
| 14:04 | Build | Farm |
| 14:40 | Create | Fishing Ship |
| 14:59 | Build | Farm |
| 15:01 | Create | Villager (Male) |
| 15:25 | Age | Feudal Age |
| 15:29 | Create | Villager (Male) |
| 15:31 | Research | Double-Bit Axe |
| 15:47 | Create | Demolition Raft |
| 15:53 | Create | Demolition Raft |
| 16:01 | Create | Villager (Male) |
| 16:06 | Build | Farm |
| 16:31 | Create | Demolition Raft |
| 16:35 | Create | Fishing Ship |
| 16:39 | Create | Demolition Raft |
| 16:45 | Create | Fishing Ship |
| 16:49 | Create | Villager (Male) |
| 16:49 | Create | Villager (Male) |
| 17:01 | Build | Market |
| 17:04 | Build | Blacksmith |
| 17:06 | Build | House |
| 17:17 | Create | Villager (Male) |
| 17:31 | Create | Demolition Raft |
| 18:02 | Research | Castle Age |
| 18:02 | Research | Castle Age |
| 18:35 | Build | Mill |
| 18:36 | Build | Farm |
| 18:41 | Build | Farm |
| 18:42 | Build | Farm |
| 18:43 | Build | Farm |
| 18:47 | Create | Villager (Male) |
| 18:57 | Build | House |
| 18:58 | Build | House |
| 18:59 | Build | House |
| 19:57 | Create | Villager (Male) |
| 20:06 | Create | Villager (Male) |
| 20:12 | Build | House |
| 20:12 | Build | House |
| 20:44 | Age | Castle Age |
| 20:53 | Build | Town Center |
| 21:17 | Create | Villager (Male) |
| 21:18 | Create | Villager (Male) |
| 21:55 | Research | Wheelbarrow |
| 22:05 | Build | Dock |
| 22:19 | Create | Villager (Male) |
| 22:19 | Create | Villager (Male) |
| 22:21 | Build | Farm |
| 22:22 | Build | Farm |
| 22:25 | Build | Farm |
| 22:51 | Build | Town Center |
| 23:01 | Create | Villager (Male) |
| 23:02 | Create | Villager (Male) |
| 23:26 | Create | Villager (Male) |
| 23:41 | Build | Lumber Camp |
| 24:03 | Create | Villager (Male) ×5 |
| 24:10 | Create | Villager (Male) |
| 24:10 | Create | Villager (Male) |
| 24:13 | Build | Farm |
| 24:17 | Build | Farm |
| 24:26 | Create | Villager (Male) |
| 24:32 | Create | Villager (Male) |
| 24:42 | Build | Mining Camp |
| 24:52 | Create | Villager (Male) |
| 25:06 | Research | Bow Saw |
| 25:25 | Create | Villager (Male) ×5 |
| 26:03 | Build | Town Center |
| 26:10 | Research | Hand Cart |
| 26:11 | Create | Villager (Male) ×5 |
| 26:14 | Build | House |
| 26:19 | Build | Outpost |
| 26:22 | Create | Villager (Male) |
| 26:26 | Build | Farm |
| 26:34 | Research | Gold Mining |
| 26:35 | Research | Stone Mining |
| 26:51 | Create | Demolition Raft |
| 26:53 | Create | Fishing Ship |
| 26:56 | Build | Farm |
| 26:59 | Build | Farm |
| 27:03 | Build | Farm |
| 27:05 | Build | Farm |
| 27:06 | Build | Farm |
| 27:08 | Create | Villager (Male) |
| 27:11 | Create | Villager (Male) ×4 |
| 27:25 | Build | Outpost |
| 27:34 | Build | Barracks |
| 27:39 | Create | Villager (Male) ×2 |
| 27:47 | Build | House |
| 27:48 | Build | House |
| 27:57 | Build | Palisade Gate |
| 28:04 | Build | Farm |
| 28:05 | Create | Villager (Male) |
| 28:10 | Build | Farm |
| 28:11 | Build | Farm |
| 28:17 | Create | Villager (Male) ×5 |
| 28:20 | Build | Farm |
| 28:21 | Build | Farm |
| 28:26 | Build | Farm |
| 28:27 | Build | Farm |
| 28:28 | Build | Farm |
| 28:29 | Build | Farm |
| 28:30 | Build | Farm |
| 28:33 | Create | Villager (Male) |
| 28:35 | Create | Villager (Male) |
| 28:44 | Build | Farm |
Match timeline
| 0:24 | MW2027 · first_building Dock |
| 0:39 | Tonix · first_building Dock |
| 0:47 | Doris · first_building Dock |
| 0:48 | tomeq · first_building Dock |
| 1:03 | Capitaine Haddock · first_building Dock |
| 1:29 | RossC786526 · first_building Dock |
| 1:59 | fechinoo · first_building Dock |
| 2:17 | mat.hey · first_building Dock |
| 11:13 | Tonix · first_building Barracks |
| 11:50 | Doris · age_up feudal |
| 12:19 | Tonix · age_up feudal |
| 12:20 | Tonix · first_building Stable |
| 13:18 | MW2027 · age_up feudal |
| 13:39 | Capitaine Haddock · first_building Barracks |
| 14:05 | tomeq · age_up feudal |
| 14:14 | Capitaine Haddock · age_up feudal |
| 14:43 | mat.hey · age_up feudal |
| 15:00 | Doris · first_building Barracks |
| 15:21 | RossC786526 · first_market_sell 100 food |
| 15:25 | fechinoo · age_up feudal |
| 15:47 | mat.hey · first_market_sell 100 food |
| 17:00 | Doris · age_up castle |
| 17:09 | Capitaine Haddock · first_market_sell 100 food |
| 17:10 | Capitaine Haddock · first_market_buy 100 wood |
| 17:13 | MW2027 · age_up castle |
| 17:17 | mat.hey · first_building Barracks |
| 17:18 | MW2027 · first_building Monastery |
| 17:30 | mat.hey · wall_segment Palisade Wall x11 |
| 17:51 | MW2027 · first_market_buy 100 food |
| 17:58 | Doris · first_building Monastery |
| 18:35 | Doris · first_building Castle |
| 18:48 | mat.hey · age_up castle |
| 18:49 | Doris · first_market_sell 100 food |
| 20:21 | Capitaine Haddock · age_up castle |
| 20:26 | Capitaine Haddock · first_building Castle |
| 20:33 | mat.hey · wall_segment Palisade Wall x14 |
| 20:44 | fechinoo · age_up castle |
| 20:50 | tomeq · age_up castle |
| 21:34 | Tonix · wall_segment Palisade Wall x1 |
| 21:35 | Tonix · wall_segment Palisade Wall x1 |
| 22:34 | mat.hey · first_building Monastery |
| 22:43 | RossC786526 · first_building Barracks |
| 23:44 | Tonix · age_up castle |
| 23:51 | tomeq · first_building Castle |
| 24:14 | mat.hey · first_market_buy 100 stone |
| 24:19 | RossC786526 · first_building Castle |
| 24:52 | mat.hey · first_building Castle |
| 25:21 | MW2027 · first_building Castle |
| 25:50 | fechinoo · first_market_buy 100 stone |
| 26:19 | RossC786526 · first_building Siege Workshop |
| 26:37 | MW2027 · wall_segment Palisade Wall x1 |
| 27:18 | Tonix · first_building Castle |
| 27:22 | MW2027 · first_market_sell 100 wood |
| 27:28 | mat.hey · wall_segment Stone Wall x10 |
| 27:33 | mat.hey · wall_segment Stone Wall x3 |
| 27:34 | fechinoo · first_building Barracks |
| 27:48 | mat.hey · wall_segment Stone Wall x7 |
| 28:53 | RossC786526 · first_building Stable |
| 29:25 | fechinoo · first_building Castle |
| 29:59 | fechinoo · first_building Stable |
| 30:36 | tomeq · first_market_buy 100 stone |
| 30:38 | MW2027 · age_up imperial |
| 30:40 | Doris · first_building Siege Workshop |
| 31:09 | tomeq · first_building Siege Workshop |
| 31:14 | fechinoo · wall_segment Stone Wall x1 |
| 33:22 | tomeq · age_up imperial |
| 33:59 | tomeq · first_market_sell 100 food |
| 34:18 | tomeq · first_building Barracks |
| 34:22 | Doris · age_up imperial |
| 34:36 | Doris · first_market_buy 100 wood |
| 35:11 | tomeq · first_building Archery Range |
| 35:13 | Tonix · first_market_sell 100 food |
| 35:21 | Capitaine Haddock · age_up imperial |
| 36:05 | fechinoo · age_up imperial |
| 36:58 | Tonix · first_market_buy 100 stone |
| 37:07 | mat.hey · wall_segment Palisade Wall x1 |
| 37:13 | mat.hey · wall_segment Stone Wall x7 |
| 37:22 | mat.hey · wall_segment Stone Wall x10 |
| 38:13 | fechinoo · first_market_sell 100 food |
| 38:30 | Tonix · age_up imperial |
| 39:31 | mat.hey · resign |
[ AI ANALYSIS · 1 CREDIT ]
What really happened in this match?
Wolo.gg analyzes every decision: build order, eco, micro, common mistakes by bracket. Personalized analysis on WhatsApp or Discord in 30 seconds.
Civ guide
Mongols
Map guide
Nomad
Perfil
Jugador #1936645